AoeStats
← Jeguinho Rural

Arabia

506878166Analyzed
1v1 RM · 18d ago on Sep 15, 2026· 45m 23s· 2 players
Game mode
Random Map
Map size
Tiny (2 player)
Population
200
Speed
Normal
Resources
Standard
Victory
Conquest
Starting age
Dark Age
Ending age
Imperial Age
RankedLock teamsTeams togetherTeam positionsShared explorationLock speedFull tech treeHidden civsTurbo modeCheats
Victory
Defeat
🇨🇳 Franks · China
1039
+15
🇧🇷 Khmer · Brazil
1014
-15
Jeguinho Rural
1:03 Loom
1:55 Loom
11:59 Feudal Age
16:03 Castle Age
14:06 Horse Collar
17:21 Wheelbarrow
17:45 Forging
18:33 Double-Bit Axe
19:35 Fletching
22:32 Husbandry
25:55 Pikeman
28:02 Hand Cart
27:52 Stone Mining
29:54 Scale Mail Armor
33:39 Scale Barding Armor
33:54 Bloodlines
34:28 Padded Archer Armor
40:26 Imperial Age
39:13 Gold Mining
42:12 Gold Shaft Mining
41:30 Halberdier
43:05 Iron Casting
43:31 Arson
86149343
2:41 Loom
11:58 Feudal Age
15:54 Castle Age
15:11 Double-Bit Axe
16:20 Gold Mining
21:03 Pikeman
23:19 Wheelbarrow
22:56 Stone Mining
24:39 Gold Shaft Mining
26:33 Hand Cart
26:32 Bow Saw
30:29 Forging
30:20 Scale Mail Armor
30:27 Scale Barding Armor
34:45 Imperial Age
33:14 Iron Casting
32:50 Husbandry
34:15 Squires
34:01 Arson
34:54 Chain Barding Armor
34:50 Chain Mail Armor
35:01 Cavalier
35:05 Halberdier
36:21 Conscription
37:55 Blast Furnace
38:09 Paladin
38:52 Fletching
38:29 Elite Skirmisher
41:50 Chemistry
41:11 Ballistics
40:47 Murder Holes
40:57 Siege Engineers
43:14 Plate Barding Armor
42:35 Bodkin Arrow
42:41 Padded Archer Armor
Connection lost

Rejoining the realm…

Still unreachable

The connection could not be restored.

Session expired

The server has moved on; the page needs a fresh start.